 Dungeon Crawl Stone Soup version 0.31.0-11-ge490571c62 (webtiles) character file.

Game seed: 8950633671885562740

65 qw the Shooter (level 3, -1/18 HPs)
             Began as a Spriggan Hunter on Feb 4, 2024.
             Slain by an adder (4 damage)
             ... on level 2 of the Dungeon.
             The game lasted 00:00:04 (671 turns).

qw the Shooter (Spriggan Hunter)                     Turns: 671, Time: 00:00:04

Health: -1/18      AC:  2    Str:  7    XL:     3   Next: 94%
Magic:  4/4        EV: 19    Int: 10    God:
Gold:   113        SH:  0    Dex: 20    Spells: 2/2 levels left

rFire   . . .        a - +0 shortbow
rCold   . . .        (shield currently unavailable)
rNeg    . . .        c - +0 robe
rPois   .            (helmet restricted)
rElec   .            (no cloak)
rCorr   .            (gloves unavailable)
SInv    +            (boots unavailable)
Will    .....        (no amulet)
Stlth   ++           (no ring)
HPRegen 0.23/turn    (no ring)
MPRegen 0.09/turn

%: no passive effects
@: very quick
A: very small, no large weapons, unfitting armour, see invisible, speed 3
a: no special abilities


You were on level 2 of the Dungeon.
You visited 1 branch of the dungeon, and saw 2 of its levels.

You collected 113 gold pieces.


Innate Abilities, Weirdness & Mutations

You are very small and have problems with some larger weapons.
You are too small for most types of armour.
You have supernaturally acute eyesight. (SInv)
You cover ground extremely quickly. (Speed+++)


   Skills:
 - Level 1.5 Fighting
 - Level 5.0 Ranged Weapons
 + Level 4.0 Dodging
 - Level 1.5 Stealth


You had 2 spell levels left.
You didn't know any spells.
Your spell library was empty.

Inventory:

Hand Weapons
 a - a +0 shortbow (weapon)
Armour
 c - a +0 robe (worn)
Scrolls
 d - a scroll of identify {unknown}
 g - a scroll of enchant armour
Potions
 b - a potion of heal wounds {unknown}
 e - a potion of mutation {unknown}
 f - 2 potions of curing {unknown}

Dungeon Overview and Level Annotations

Branches:
Dungeon (2/15)

Altars:
Zin


Message History

You shoot an arrow. The arrow misses the adder.
The adder misses you. The adder completely misses you.
You shoot an arrow. The arrow closely misses the adder.
The adder barely misses you.
You shoot an arrow. The arrow misses the adder.
The adder bites you but does no damage. x2
You shoot an arrow. The arrow barely misses the adder.
The adder completely misses you.
You shoot an arrow. The arrow hits the adder.
The adder is moderately wounded.
The adder closely misses you. The adder barely misses you.
You shoot an arrow. The arrow closely misses the adder.
The adder bites you.
You are poisoned.
The adder poisons you!
You shoot an arrow. The arrow closely misses the adder.
You feel sick. The adder barely misses you. The adder bites you.
You are more poisoned.
The adder poisons you!
You shoot an arrow. The arrow closely misses the adder.
You feel sick. The adder misses you.
You shoot an arrow. The arrow closely misses the adder.
You feel sick. The adder misses you. The adder completely misses you.
You shoot an arrow. The arrow hits the adder.
The adder is heavily wounded.
You feel sick. The adder completely misses you.
You shoot an arrow.
The arrow hits the adder but does no damage.
The adder is heavily wounded.
You feel sick. The adder misses you.
You shoot an arrow. The arrow hits the adder.
The adder is severely wounded.
You feel sick. The adder bites you. The adder closely misses you.
You shoot an arrow. The arrow barely misses the adder.
You feel sick. The adder misses you.
You shoot an arrow. The arrow barely misses the adder.
You feel sick.
You are no longer poisoned.
The adder bites you.
You die...

#.####.#########
#.#....#
.####.#?#..#########
........#..........#
#####.(.#.[........#
#...#........%.#
#...#..........#
#...#..........###
#@.....#.######...
#S###.##.# #.## #..
.....# #.#. #### #.#
#.#. .# #.#. . #.##
#... ####


You could see an adder.

Vanquished Creatures
  2 adders (D:2)
  A ribbon worm (D:2)
  2 dart slugs (D:1)
  3 ball pythons (D:1)
  A bat (D:1)
  2 endoplasms (D:1)
  2 giant cockroaches (D:1)
  3 goblins
  5 hobgoblins (D:1)
  5 jackals
  2 frilled lizards (D:1)
  3 kobolds
  6 rats
37 creatures vanquished.

Notes
Turn   | Place    | Note
-------+----------+-------------------------------------------
     0 | D:1      | qw the Spriggan Hunter began the quest for the Orb.
     0 | D:1      | Reached XP level 1. HP: 10/10 MP: 2/2
     0 | D:1      | 0 ||| qw: Version: 0.3-a-160-g6735b56
     0 | D:1      | 0 ||| qw: Game counter: 4458
     0 | D:1      | 0 ||| qw: Melee chars always use a shield: true
     0 | D:1      | 0 ||| qw: God list: Okawaru
     0 | D:1      | 0 ||| qw: Allow faded altars: false
     0 | D:1      | 0 ||| qw: Do Orc after clearing Dungeon:15 true
     0 | D:1      | 0 ||| qw: Do second Lair branch before Depths: true
     0 | D:1      | 0 ||| qw: Lair rune preference: random
     0 | D:1      | 0 ||| qw: Goals: Normal
     0 | D:1      | 0 ||| PLANNING D:1-11
    24 | D:1      | Reached skill level 3 in Dodging
    72 | D:1      | Reached XP level 2. HP: 14/14 MP: 3/3
   283 | D:1      | Reached XP level 3. HP: 18/18 MP: 4/4
   411 | D:1      | 411 ||| READING scroll labelled PUWYDA FAUPS.
   411 | D:1      | 411 ||| ENCHANTING +0 shortbow.
   412 | D:1      | 412 ||| READING scroll labelled YWEUTS BUDDIPUAGI.
   413 | D:1      | 413 ||| READING scroll labelled ETSEMI IXINOL.
   414 | D:1      | 414 ||| DROPPING scroll of butterflies.
   433 | D:2      | 433 ||| STAIRDANCE
   616 | D:2      | Found a glowing silver altar of Zin.
   635 | D:2      | Reached skill level 5 in Ranged Weapons
   669 | D:2      | HP: 4/18 [adder (3)]
   671 | D:2      | Slain by an adder

Levels and vault maps discovered:
D:1:      dpeg_arrival_tiny_d, layout_rooms
D:2:      layout_basic, basic_altar, kennysheep_generic_room_12

Skill      XL: |  1  2  3 |
---------------+----------+-----
Dodging        | 3 4 |  4.0
Ranged Weapons | 5 |  5.0
Fighting       | |  1.5
Stealth        | |  1.5

Action                     || total
---------------------------++-------
   Fire: Shortbow          ||   130
    Use: Scroll            ||     3
 Armour: Robe              ||    17
  Dodge: Dodged            ||    47

Table legend:
 A = Non-vault XP
 B = Vault XP
 C = Vault XP percentage of total XP
 D = Non-vault monster count
 E = Vault monster count
 F = Vault count percentage of total count
                 A         B        C        D         E       F
            +---------+---------+-------+---------+---------+-------
      Total |      94 |       0 |   0.0 |      37 |       0 |   0.0
            +---------+---------+-------+---------+---------+-------
        D:1 |      51 |       0 |   0.0 |      28 |       0 |   0.0
        D:2 |      43 |       0 |   0.0 |       9 |       0 |   0.0
            +---------+---------+-------+---------+---------+-------
